 Dungeon Crawl Stone Soup version 0.28-a0-445-g51f8dfeb47 (webtiles) character file.

Game seed: 1207189865032691470

34 Ahmedlingzor the Caller (level 3, -5/14 HPs)
             Began as a Felid Summoner on Sept 13, 2021.
             Slain by a kobold (18 damage)
             ... on level 1 of the Dungeon.
             The game lasted 00:03:17 (1772 turns).

Ahmedlingzor the Caller (Felid Summoner)            Turns: 1772, Time: 00:03:17

Health: -5/14      AC:  1    Str:  4    XL:     3   Next: 14%
Magic:  7/7        EV: 17    Int: 17    God:
Gold:   47         SH:  0    Dex: 16    Spells: 5/6 levels left
                                        Lives:  0   Deaths: 0

rFire   . . .      SeeInvis +   (weapon unavailable)
rCold   . . .      Faith    .   (shield unavailable)
rNeg    . . .      Spirit   .   (armour unavailable)
rPois   .          Reflect  .   (helmet unavailable)
rElec   .          Harm     .   (cloak unavailable)
rCorr   .          Rampage  .   (gloves unavailable)
Will    .....                   (boots unavailable)
Stlth   ++........              (no amulet)
HPRegen 0.04/turn               (no ring)
MPRegen 0.10/turn               (no ring)

@: quick
A: very small, claws 1, fangs 3, see invisible, speed 1, shaggy fur 1, stealthy
paws, no weapons or thrown items, no armour, multi-lived
a: no special abilities


You were on level 1 of the Dungeon.
You visited 1 branch of the dungeon, and saw 1 of its levels.

You collected 47 gold pieces.

Inventory:

Scrolls
 a - 2 scrolls of identify {unknown}


   Skills:
 + Level 2.8 Dodging
 + Level 3.5 Stealth
 + Level 0.4 Unarmed Combat
 + Level 2.1 Spellcasting
 + Level 4.5 Summonings


You had 5 spell levels left.
You knew the following spells:

 Your Spells              Type           Power      Damage    Failure   Level
a - Summon Small Mammal   Summ           68%        N/A       3%          1

Your spell library contained the following spells:

 Spells                   Type           Power      Damage    Failure   Level
 Call Imp                 Summ           17%        N/A       4%          2
 Call Canine Familiar     Summ           17%        N/A       9%          3
 Summon Guardian Golem    Hex/Summ       9%         N/A       22%         3
 Summon Lightning Spire   Summ/Air       9%         N/A       58%         4


Dungeon Overview and Level Annotations

Branches:
Dungeon (1/15)

Altars:


Innate Abilities, Weirdness & Mutations

You have sharp claws.
You have razor-sharp teeth.
You have supernaturally acute eyesight. (SInv)
You cover ground quickly. (Speed+)
You are covered in fur. (AC +1)
Your paws help you pounce on unaware monsters.
You are incapable of wielding weapons or throwing items.
You cannot wear armour.
You gain extra lives every three experience levels.


Message History

Found an escape hatch in the floor.
Your quokka bites the quokka but does no damage.
You closely miss the quokka. The quokka completely misses you.
You closely miss the quokka. Your quokka misses the quokka.
Your quokka bites the quokka but does no damage.
The quokka bites you.
Your quokka bites the quokka.
Your quokka barely misses the quokka.
The quokka misses you.
You scratch the quokka.
You kill the quokka!
Your quokka closely misses the kobold. x2
You completely miss the kobold. The kobold hits you with a +0 dagger.
Your quokka bites the kobold. x2
The kobold dies!
Things that are here:
a +0 dagger; a quokka corpse Your quokka disappears in a puff of smoke!
Your quokka disappears in a puff of smoke!
There is an escape hatch in the floor here.
You now have 47 gold pieces (gained 14).
You see here a quokka skeleton.
You see here 21 stones.
A ball python comes into view.
A ball python is nearby!
Casting: Summon Small Mammal (safe; 3% risk of failure)
Confirm with . or Enter, or press ? or * to list all spells.
Casting: Summon Small Mammal (safe; 3% risk of failure)
Confirm with . or Enter, or press ? or * to list all spells.
Your quokka bites the ball python.
The ball python dies!
Your quokka disappears in a puff of smoke!
You see here a ball python corpse.
Your rat disappears in a puff of smoke!
The kobold shouts!
The kobold closely misses you.
You scratch the kobold.
The kobold is severely wounded.
The kobold hits you with a +1 short sword of electrocution.
You are electrocuted!!
Ouch! That really hurt!
You die...

# #......# #....#
####......######..#
..................#
#####.....######.##
#.....# #.# ###.###
#.# #######(# #.#
........########.#
#.#####.......>K@#
#.# #..#########
#.#####..#
.....##..##
####.##...#
#.###..# #.# #..#
####.# #..# .....#
#..#


You could see a kobold.

Vanquished Creatures
  A gnoll (D:1)
  An endoplasm (D:1)
  2 hobgoblins (D:1)
  2 quokkas (D:1)
  3 ball pythons (D:1)
  A frilled lizard (D:1)
  2 kobolds (D:1)
  2 rats (D:1)
14 creatures vanquished.

Vanquished Creatures (collateral kills)
  2 ball pythons (D:1)
  An endoplasm (D:1)
  A giant cockroach (D:1)
  A hobgoblin (D:1)
  2 kobolds (D:1)
  A quokka (D:1)
  A rat (D:1)
9 creatures vanquished.

Grand Total: 23 creatures vanquished

Notes
Turn   | Place    | Note
-------+----------+-------------------------------------------
     0 | D:1      | Ahmedlingzor the Felid Summoner began the quest for the
                  | Orb.
     0 | D:1      | Reached XP level 1. HP: 7/7 MP: 4/4
   297 | D:1      | Reached XP level 2. HP: 11/11 MP: 0/6
  1354 | D:1      | Reached XP level 3. HP: 12/14 MP: 5/7
  1772 | D:1      | Slain by a kobold

Illustrated notes

Levels and vault maps discovered:
D:1:      nicolae_arrival_memento_mori, layout_loops_ring

Skill      XL: |  1  2 |
---------------+-------+-----
Stealth        | 3 |  3.5
Dodging        | |  2.8
Unarmed Combat | |  0.4
Spellcasting   | |  2.1
Summonings     | |  4.5

Action                   || total
-------------------------++-------
Melee: Unarmed           ||    56
       Bite              ||     3
 Cast: Summon Small Mamm ||    23
 Stab: Sleeping          ||     3
       Distracted        ||     2
Armor: Skin              ||     1
Dodge: Dodged            ||    49

Table legend: (Time is in decaauts)
 A = Elapsed time spent in this place.
 B = Non-inter-level travel time spent in this place.
 C = Inter-level travel time spent in this place.
 D = Time resting spent in this place.
 E = Time spent auto-exploring this place.
 F = Levels seen in this place.
 G = Mean time per level.
                   A        B        C        D        E       F      G
               +--------+--------+--------+--------+--------+-----+--------+
         Total |   1687 |   1687 |      0 |      0 |   1478 |   1 | 1687.0 |
       Dungeon |   1687 |   1687 |      0 |      0 |   1478 |   1 | 1687.0 |
               +--------+--------+--------+--------+--------+-----+--------+

Top non-repeatable levels by time:
     D:1: 1687 daAuts
